 Dungeon Crawl Stone Soup version 0.18-a0-1413-g4eaa9ac (webtiles) character file.

96 M4edhros the Insei (level 4, -3/28 HPs)
             Began as an Octopode Artificer on Feb 25, 2016.
             Slain by Grinder (9 damage)
             ... while paralysed by Grinder
             ... on level 3 of the Dungeon.
             The game lasted 00:02:14 (2378 turns).

M4edhros the Insei (Octopode Artificer)             Turns: 2378, Time: 00:02:15

Health: -3/28      AC:  1    Str: 10    XL:     4   Next: 67%
Magic:  6/6        EV:  2    Int: 15    God:
Gold:   70         SH:  0    Dex: 12    Spells: 0 memorised, 3 levels left

rFire  + . .     SeeInvis .       - Unarmed
rCold  . . .     Gourm    .     (no shield)
rNeg   . . .     Faith    .     (helmet restricted)
rPois  .         Spirit   .     (no amulet)
rElec  .         Dismiss  .     n - ring of protection from fire
rCorr  .         Reflect  .     (no ring)
SustAt .         Harm     .     (no ring)
MR     .....                    (no ring)
Stlth  +++.......               (no ring)
                                (no ring)
                                (no ring)
                                (no ring)

@: paralysed, very slightly contaminated, hasted, not resistant to hostile
enchantments, fairly stealthy
A: almost no armour, amphibious, 8 rings, constrict 8, camouflage 1, gelatinous
body 1
a: no special abilities


You were on level 3 of the Dungeon.
You were hungry.

You visited 1 branch of the dungeon, and saw 3 of its levels.

You collected 70 gold pieces.

Inventory:

Hand Weapons
 q - a cursed -2 blowgun
Missiles
 o - 109 stones (quivered)
 r - 5 poisoned needles
Jewellery
 n - a ring of protection from fire (left tentacle)
Wands
 b - a wand of flame (15/48)
 c - a wand of enslavement (15/24)
 d - a wand of random effects (15/48)
Scrolls
 i - 2 scrolls of identify {unknown}
 j - a scroll of fear {unknown}
 l - a scroll of recharging {unknown}
 m - a scroll of teleportation {unknown}
 s - a scroll of noise {unknown}
Potions
 h - a potion of magic {unknown}
 k - a potion of flight {unknown}
Comestibles
 f - 2 bread rations
 g - 2 meat rations
 p - a beef jerky


   Skills:
 - Level 1.0 Fighting
   Level 1.0 Short Blades
 - Level 2.0 Dodging
 - Level 1.3 Stealth
 + Level 4.1 Unarmed Combat
 - Level 3.2 Evocations


You had 3 spell levels left.
You didn't know any spells.

Dungeon Overview and Level Annotations

Branches:
Dungeon (3/15)

Altars:
Vehumet
Zin

Annotations:
D:3 Grinder


Innate Abilities, Weirdness & Mutations

You cannot wear most types of armour.
You are amphibious.
You can wear up to eight rings at the same time.
You can use your tentacles to constrict eight enemies at once.
Your skin changes colour to match your surroundings (Stealth).
Your rubbery body absorbs attacks (AC +1).


Message History

You closely miss Grinder. You grab Grinder. You constrict Grinder.
Grinder hits you.
You writhe in agony.
You tentacle-slap Grinder. You squeeze Grinder, but do no damage.
Grinder is lightly wounded.
You constrict Grinder, but do no damage.
Grinder gestures at you. You resist with significant effort.
You tentacle-slap Grinder but do no damage.
Grinder is lightly wounded.
You constrict Grinder, but do no damage.
You tentacle-slap Grinder.
Grinder is moderately wounded.
You constrict Grinder. Grinder gestures at you.
You suddenly lose the ability to move!
You lose your grip on Grinder.
Grinder hits you.
You writhe in agony.
Grinder barely misses you. The kobold hits you.
* * * LOW HITPOINT WARNING * * *
Grinder hits you!
You die...

#### #.# #.# .. ##'## #.#
#.##...## ##.# #.#.....##
###..# #........## ##.#.##
...##.........####.†..####
..............+...........
..!....$......####....####
.........@...## ##.#.#
......#....# ###...###


You could see Grinder, a kobold and a rat.

Vanquished Creatures
  2 adders
  An ooze (D:1)
  4 worms
  A dart slug (D:2)
  2 giant geckos (D:2)
  An orc (D:3)
  3 ball pythons
  8 bats
  A giant cockroach (D:3)
  3 goblins (D:2)
  10 hobgoblins
  3 jackals (D:1)
  5 kobolds
  A quokka (D:3)
  2 giant newts
  9 rats
56 creatures vanquished.

Notes
Turn   | Place    | Note
--------------------------------------------------------------
     0 | D:1      | M4edhros the Octopode Artificer began the quest for the Orb.
     0 | D:1      | Reached XP level 1. HP: 13/13 MP: 3/3
   113 | D:1      | Reached skill level 1 in Unarmed Combat
   447 | D:1      | Reached XP level 2. HP: 18/18 MP: 4/4
   624 | D:1      | Reached skill level 2 in Unarmed Combat
   971 | D:1      | Reached XP level 3. HP: 23/23 MP: 5/5
  1217 | D:2      | Reached skill level 3 in Unarmed Combat
  1442 | D:2      | Reached XP level 4. HP: 26/28 MP: 6/6
  1944 | D:3      | Found a faded altar to an unknown god.
  2103 | D:3      | Found a glowing silver altar of Zin.
  2103 | D:3      | Found a radiant altar of Vehumet.
  2244 | D:3      | Reached skill level 4 in Unarmed Combat
  2367 | D:3      | Noticed Grinder
  2375 | D:3      | Paralysed by Grinder for 4 turns
  2378 | D:3      | Slain by Grinder

Vault maps used:
D:1:      wheals_arrival_linesprint
D:3:      gammafunk_temple_overflow_elements, ecumenical_altar_1, uniq_grinder

Skill      XL: |  1  2  3  4 |
---------------+-------------+-----
Unarmed Combat | 1 2 3 4 |  4.1
Fighting       | |  1.0
Short Blades   | |  1.0
Dodging        | |  2.0
Stealth        | |  1.3
Evocations     | |  3.2

Action                   |  1- 3 |  4- 6 || total
-------------------------+-------+-------++-------
Melee: Unarmed           |    89 |    54 ||   143
  Use: Potion            |       |     2 ||     2
 Stab: Sleeping          |     8 |     4 ||    12
  Eat: Chunk             |     1 |     3 ||     4
